 Dungeon Crawl Stone Soup version 0.20.1-1-g8b1a95d (webtiles) character file.

508 raph the Sneak (level 6, -7/24 HPs)
             Began as a Felid Air Elementalist on Oct 1, 2017.
             Was a Follower of Sif Muna.
             Mangled by Crazy Yiuf
             ... wielding a +4 quarterstaff of chaos
              (12 damage)
             ... on level 6 of the Dungeon.
             The game lasted 00:21:29 (8633 turns).

raph the Sneak (Felid Air Elementalist)             Turns: 8633, Time: 00:21:30

Health: -7/24      AC:  2    Str:  4    XL:     6   Next: 98%
Magic:  18/21      EV: 20    Int: 18    God:    Sif Muna [*.....]
Gold:   310        SH:  0    Dex: 17    Spells: 2/12 levels left
                                        Lives:  0   Deaths: 2

rFire    . . .     SeeInvis +   (weapon unavailable)
rCold    . . .     Gourm    .   (shield unavailable)
rNeg     . . .     Faith    .   (armour unavailable)
rPois    .         Spirit   .   (helmet unavailable)
rElec    .         Reflect  +   (cloak unavailable)
rCorr    .         Harm     .   (gloves unavailable)
MR       .....                  (boots unavailable)
Stlth    +.........             r - +5 amulet of reflection
Regen    0.1/turn               f - ring of magical power
MPRegen  0.2/turn               l - ring of loudness (curse)

@: confused, quick
A: no armour, no weapons or thrown items, stealth, claws 1, fangs 3, see
invisible, carnivore 3, speed 1, shaggy fur 2, slow metabolism 1, sharp paws
a: Divine Energy, Renounce Religion


You were on level 6 of the Dungeon.
You worshipped Sif Muna.
Sif Muna was aware of your devotion.
You were completely stuffed.

You visited 2 branches of the dungeon, and saw 7 of its levels.
You also visited: Ossuary.

You collected 310 gold pieces.

Inventory:

Jewellery
 f - a ring of magical power (left paw)
 j - an uncursed ring of protection from cold
 l - a cursed ring of loudness (right paw)
 r - a +5 amulet of reflection (around neck)
Wands
 e - a wand of scattershot (4/9)
Scrolls
 p - 4 scrolls of amnesia
 v - 2 scrolls of teleportation
Potions
 c - a potion of berserk rage {unknown}
 g - 2 potions of curing
 h - a potion of resistance
 i - a potion of ambrosia
 k - 2 potions of agility
 n - 2 potions of flight
 q - a potion of magic
 s - a potion of heal wounds {unknown}
 t - a potion of might {unknown}
 u - a potion of brilliance {unknown}
Books
 a - a book of Air

   Spells                             Type                      Level
   a - Shock                          Conjuration/Air              1
   b - Swiftness                      Charms/Air                   2
   c - Static Discharge               Conjuration/Air              3
   d - Airstrike                      Air                          4
   e - Lightning Bolt                 Conjuration/Air              5
Comestibles
 b - 3 meat rations
 d - 3 royal jellies
 m - 2 chunks of flesh


   Skills:
 + Level 4.9 Dodging
 + Level 5.6 Stealth
 + Level 3.7 Spellcasting
 + Level 3.4 Conjurations
 * Level 5.2 Air Magic
 + Level 2.2 Invocations


You had 2 spell levels left.
You knew the following spells:

 Your Spells              Type           Power        Failure   Level  Hunger
a - Shock                 Conj/Air       ###.         2%          1    None
b - Swiftness             Chrm/Air       ##......     8%          2    ##.....
c - Static Discharge      Conj/Air       ###.....     8%          3    ###....
d - Airstrike             Air            ###.......   17%         4    ####...


Dungeon Overview and Level Annotations

Branches:
Dungeon (6/15)             Temple (1/1) D:4

Altars:
Ashenzari
Cheibriados
Dithmenos
Elyvilon
Fedhas
Gozag
Hepliaklqana
Kikubaaqudgha
Makhleb
Nemelex Xobeh
Okawaru
Qazlal
Ru
Sif Muna
Trog
Uskayaw
Vehumet
Xom
Yredelemnul
Zin
The Shining One

Annotations:
D:6 Crazy Yiuf


Innate Abilities, Weirdness & Mutations

You cannot wear armour.
You are incapable of wielding weapons or throwing items.
Your paws allow you to move quietly. (Stealth)
You have sharp claws.
You have razor-sharp teeth.
You have supernaturally acute eyesight. (SInv)
You are carnivorous and can eat meat at any time.
You cover ground quickly.
You are covered in thick fur. (AC +2)
You have a slow metabolism.
Your sharp claws are effective at attacking unaware monsters.


Message History

Crazy Yiuf shouts!
Crazy Yiuf drinks a potion.
Crazy Yiuf seems to speed up.
There is an open door here.
There is an open door here.
Casting: Shock
Confirm with . or Enter, or press ? or * to list all spells.
Crazy Yiuf is struck by lightning.
Crazy Yiuf is lightly wounded.
The lightning arcs!
You are struck by lightning.
The lightning arcs!
Crazy Yiuf is struck by lightning.
Crazy Yiuf is heavily wounded.
The lightning grounds out.
Crazy Yiuf hits you with a quarterstaff of chaos!
Ouch! That really hurt!
You are confused.
Crazy Yiuf hits you with a quarterstaff of chaos.
* * * LOW HITPOINT WARNING * * *
You are electrocuted!
Ouch! That really hurt!
You die...

....# #.#
######.##.###).##
#...# #.# #.##.#
#.... #...#####.#
#.##.# #.###
...)......#
########.#
.#..####### #....###
.#..# ♣♣♣♣♣####.....
.#..#
#####♣♣♣.♣....##.?###
.#..#
#...#♣..♣......#..#
.#..#
#..g@.♣♣♣♣........#
.#..# #)..#♣♣
♣♣.......### .#..#
##### ♣♣##.......
.#..# ###..... ....#
#.#... .#..# ### ###
#.##.# .##.# #.# #.#
#..... .##.# #.# #.#
#..### .##.# #.###
#.# #..# #


You could see Crazy Yiuf.

Vanquished Creatures
  An elf zombie (Ossuary)
  A bullfrog (D:6)
  2 howler monkeys
  A crimson imp (D:6)
  2 centaur zombies (Ossuary)
  A bullfrog zombie (D:6)
  2 human zombies (Ossuary)
  3 orc priests (D:6)
  3 iguanas
  4 orc wizards
  A worker ant (D:4)
  2 mummies (Ossuary)
  8 adders
  A shadow imp (D:6)
  2 oozes
  An adder skeleton (D:4)
  A worm (D:2)
  A dart slug (D:3)
  6 leopard geckos
  14 orcs
  A ball python (D:2)
  3 giant cockroaches
  5 goblins
  5 hobgoblins
  6 jackals
  3 quokkas
  3 bats
  7 frilled lizards
  11 kobolds
  7 rats
108 creatures vanquished.

Notes
Turn   | Place    | Note
-------+----------+-------------------------------------------
     0 | D:1      | raph the Felid Air Elementalist began the quest for the Orb.
     0 | D:1      | Reached XP level 1. HP: 7/7 MP: 4/4
   356 | D:1      | Reached skill level 1 in Conjurations
   624 | D:1      | Reached XP level 2. HP: 11/11 MP: 1/6
   630 | D:1      | Learned a level 2 spell: Swiftness
  1377 | D:1      | Found a sparkling altar of Nemelex Xobeh.
  1566 | D:2      | Reached XP level 3. HP: 5/14 MP: 7/7
  1620 | D:2      | Learned a level 3 spell: Static Discharge
  2145 | D:2      | Reached XP level 4. HP: 7/18 MP: 8/8
  3961 | D:3      | Reached XP level 5. HP: 19/21 MP: 9/9
  4908 | D:4      | Found a staircase to the Ecumenical Temple.
  4917 | Temple   | Entered the Ecumenical Temple
  5012 | Temple   | Became a worshipper of Sif Muna the Loreminder
  5054 | D:4      | Noticed a phantom
  5271 | D:5      | Entered Level 5 of the Dungeon
  5307 | D:5      | Gained mutation: You are covered in thick fur. (AC +2) [Felid growth]
  5307 | D:5      | Reached XP level 6. HP: 24/24 MP: 11/11
  5344 | D:5      | Learned a level 4 spell: Airstrike
  5356 | D:5      | Noticed a sky beast
  5839 | D:6      | Found a sand-covered staircase.
  5888 | Ossuary  | Entered an ossuary
  5939 | Ossuary  | Reached skill level 1 in Invocations
  6439 | Ossuary  | HP: 1/24 [elf zombie (6)]
  7061 | Ossuary  | Reached XP level 7. HP: 17/27 MP: 12/12
  7095 | Ossuary  | Slain by an elf zombie
  7096 | Ossuary  | Reached XP level 6. HP: -2/24 MP: 8/20
  7189 | D:6      | Killed from afar by an orc wizard
  7190 | D:6      | Reached XP level 5. HP: 0/21 MP: 1/19
  7415 | D:6      | Reached skill level 5 in Stealth
  7517 | D:6      | Reached XP level 6. HP: 18/24 MP: 5/12
  7560 | D:6      | Reached skill level 5 in Air Magic
  8276 | D:6      | Noticed an orc warrior
  8283 | D:6      | Reached * piety under Sif Muna
  8625 | D:6      | Found a runed door.
  8629 | D:6      | Noticed Crazy Yiuf
  8633 | D:6      | Mangled by Crazy Yiuf

Skill      XL: |  1  2  3  4  5  6 |
---------------+-------------------+-----
Conjurations   | 1 2 3 |  3.4
Dodging        | 3 4 |  4.9
Air Magic      | 3 4 5 |  5.2
Stealth        | 3 5 |  5.6
Spellcasting   | 3 |  3.7
Invocations    | 2 1 |  2.2

Action                   |  1- 3 |  4- 6 |  7- 9 || total
-------------------------+-------+-------+-------++-------
Melee: Unarmed           |    18 |    31 |       ||    49
       Bite              |     2 |     2 |       ||     4
 Cast: Shock             |    65 |   211 |    10 ||   286
       Static Discharge  |     6 |    34 |       ||    40
       Airstrike         |       |     5 |       ||     5
       Swiftness         |       |     1 |       ||     1
  Use: Potion            |     2 |       |       ||     2
       Scroll            |       |    14 |       ||    14
 Stab: Sleeping          |     3 |     6 |       ||     9
  Eat: Chunk             |    11 |    20 |       ||    31
Armor: Skin              |     2 |       |       ||     2
Dodge: Dodged            |    25 |    91 |     3 ||   119
Block: Other             |       |    17 |       ||    17
